cohdb
Replays
Latest Replays
All Replays
Popular Replays
Top Player Replays
Match Explorer
How It Works
Community
CoH3 Stats
Reddit
Sign in to upload your games and track your stats! →
Sign in with Steam
Ranger spam vs Falls on Toranto
Match 16113114
Overview
Messages
Build Orders
End
Engineer Squad
Construct Barracks
Riflemen Squad
Riflemen Squad
Riflemen Squad
Infantry Support Center
Grenade Package
Construct Medical Station
Selects Advanced Infantry Battlegroup
Selects Convert to Ranger Squad
Selects Artillery Observers
Selects Designate Assault Position
Convert to Ranger Squad
Construct Motor Pool
Advanced Logistics
Riflemen Squad
Convert to Ranger Squad
Construct Motor Pool
M1 Anti-tank Gun Team
Selects Ranger Weapon Training
M24 Chaffee Light Tank
M24 Chaffee Light Tank
Selects M2A1 105mm Howitzer Emplacement
Construct Tank Depot
M4A1 Sherman Medium Tank
Convert to Ranger Squad
Engineer Squad
M1 Anti-tank Gun Team
Convert to Ranger Squad
Survival Training
DanielD
Enemy
0
0
Comments
sign in to comment!
No comments posted yet!